 Dungeon Crawl Stone Soup version 0.28-a0-631-g0446da8ef9 (webtiles) character file.

Game seed: 9875421629482466307

21488 nlnlnn the Covert (level 12, -15/58 HPs)
             Began as a Spriggan Enchanter on Oct 10, 2021.
             Was an Elder of Dithmenos.
             Killed by mirror damage (56 damage)
             ... on level 12 of the Dungeon.
             The game lasted 00:38:38 (17225 turns).

nlnlnn the Covert (Spriggan Enchanter)             Turns: 17225, Time: 00:38:43

Health: -15/58     AC: 17    Str: 14    XL:     12   Next: 54%
Magic:  14/27      EV: 23    Int: 19    God:    Dithmenos [****..]
Gold:   611        SH:  5    Dex: 21    Spells: 24/32 levels left

rFire   . . .      SeeInvis +   a - +7 dagger (flame)
rCold   . . .      Faith    .   (shield restricted)
rNeg    . . .      Spirit   .   O - +3 steam dragon scales
rPois   .          Reflect  +   j - +2 hat
rElec   .          Harm     .   G - +0 cloak
rCorr   .          Rampage  .   (gloves unavailable)
Will    +++..                   (boots unavailable)
Stlth   +++++++++.              g - amulet of reflection
HPRegen 0.19/turn               w - ring of Youthful Indiscretion {Str+6 Int+3 Dex+4}
MPRegen 0.20/turn               n - +4 ring of protection

@: wreathed by umbra, very quick
A: very small, no large weapons, unfitting armour, see invisible, speed 3, horns
1, strong-willed 1
a: Renounce Religion, Shadow Step


You were on level 12 of the Dungeon.
You worshipped Dithmenos.
Dithmenos was greatly pleased with you.
You visited 2 branches of the dungeon, and saw 13 of its levels.
You also visited: Ossuary.

You collected 611 gold pieces.

Inventory:

Hand Weapons
 a - a +7 dagger of flaming (weapon)
 y - a +2 rapier of flaming
 B - a +2 dagger of venom
 K - a +1 dagger of holy wrath
Missiles
 m - 8 atropa-tipped darts (quivered)
 A - a throwing net
Armour
 j - a +2 hat (worn)
 G - a +0 cloak (worn)
 O - +3 steam dragon scales (worn)
Jewellery
 e - a ring of fire
 g - an amulet of reflection (around neck)
 h - a ring of resist corrosion
 n - a +4 ring of protection (right hand)
 w - the ring of Youthful Indiscretion (left hand) {Str+6 Int+3 Dex+4}
   (You acquired it in an ossuary)

   [ring of strength]

   Str:       It affects your strength (+6).
   Int:       It affects your intelligence (+3).
   Dex:       It affects your dexterity (+4).
 F - a +6 ring of dexterity
 P - a +6 ring of strength
Wands
 q - a wand of iceblast (17)
 E - a wand of flame (70)
 H - a wand of digging (4)
 I - a wand of mindburst (10)
 J - a wand of paralysis (20)
Scrolls
 i - 5 scrolls of teleportation
 l - a scroll of fear
 v - a scroll of immolation
 C - 2 scrolls of blinking
 D - 4 scrolls of identify
 Q - a scroll of amnesia
Potions
 c - 2 potions of invisibility
 d - 2 potions of magic
 f - 3 potions of brilliance
 k - 5 potions of heal wounds
 o - 2 potions of lignification
 p - 5 potions of curing
 r - 2 potions of haste
 s - 2 potions of attraction
 t - a potion of resistance
 u - 3 potions of flight
 x - a potion of ambrosia
 z - 2 potions of mutation
 L - a potion of cancellation


   Skills:
 - Level 4.3 Fighting
 - Level 5.9 Short Blades
 + Level 9.0 Armour
 - Level 7.7 Dodging
 - Level 14.5 Stealth
 - Level 10.6 Spellcasting
 - Level 10.9 Hexes


You had 24 spell levels left.
You knew the following spells:

 Your Spells              Type           Power      Damage    Failure   Level
a - Ensorcelled Hibernat  Hex/Ice        60%        N/A       1%          2
b - Tukima's Dance        Hex            51%        N/A       1%          3
c - Dazzling Flash        Conj/Hex       60%        N/A       2%          3

Your spell library contained the following spells:

 Spells                   Type           Power      Damage    Failure   Level
 Confusing Touch          Hex            51%        N/A       1%          3
 Beastly Appendage        Tmut           20%        N/A       7%          1
 Sandblast                Erth           20%        2d7       7%          1
 Passwall                 Tmut/Erth      8%         N/A       11%         2
 Spider Form              Tmut/Pois      5%         N/A       22%         3
 Stone Arrow              Conj/Erth      20%        3d8       22%         3
 Fireball                 Conj/Fire      5%         3d5       89%         5
 Starburst                Conj/Fire      5%         6d4       100%        6
 Statue Form              Tmut/Erth      6%         N/A       100%        6
 Ignition                 Fire           5%         3d4       100%        8


Dungeon Overview and Level Annotations

Branches:
Dungeon (12/15)            Temple (1/1) D:6            Lair (0/6) D:11
    Orc (0/2) D:12        Ossuary (visited)

Altars:
Dithmenos
Fedhas
Hepliaklqana
Makhleb
Nemelex Xobeh
Okawaru
Ru
Sif Muna
Trog
Wu Jian
Yredelemnul
The Shining One

Shops:
D:10 (   D:11 [

Annotations:
D:3 1 runed translucent door, IPicuous's ghost, amateur TrFi
D:5 3 runed translucent doors, StikS32's ghost, novice TrBe
D:7 1 runed translucent door, yegreS's ghost, amateur MiFi


Innate Abilities, Weirdness & Mutations

You are very small and have problems with some larger weapons.
You are too small for most types of armour.
You have supernaturally acute eyesight. (SInv)
You cover ground extremely quickly. (Speed+++)
You have a pair of small horns on your head.
You are strong-willed. (Will+)


Message History

Confirm with . or Enter, or press ? or * to list all spells.
Aiming: Ensorcelled Hibernation (safe; 1% risk of failure)
Press: ? - help, Shift-Dir - straight line, f/p - death knight
Aim: a death knight, wearing a +0 chain mail (umbra, chance to affect: 13%)
The death knight resists with almost no effort.
Casting: Ensorcelled Hibernation (safe; 1% risk of failure)
Confirm with . or Enter, or press ? or * to list all spells.
Aiming: Ensorcelled Hibernation (safe; 1% risk of failure)
Press: ? - help, Shift-Dir - straight line, f/p - death knight
Aim: a death knight, wearing a +0 chain mail (umbra, chance to affect: 13%)
The death knight resists with almost no effort.
The death knight completely misses you.
Casting: Ensorcelled Hibernation (safe; 1% risk of failure)
Confirm with . or Enter, or press ? or * to list all spells.
Aiming: Ensorcelled Hibernation (safe; 1% risk of failure)
Press: ? - help, Shift-Dir - straight line, f/p - death knight
Aim: a death knight, wearing a +0 chain mail (umbra, chance to affect: 13%)
The death knight resists with almost no effort.
The death knight hits you!
Casting: Ensorcelled Hibernation (safe; 1% risk of failure)
Confirm with . or Enter, or press ? or * to list all spells.
Aiming: Ensorcelled Hibernation (safe; 1% risk of failure)
Press: ? - help, Shift-Dir - straight line, f/p - death knight
Aim: a death knight, wearing a +0 chain mail (umbra, chance to affect: 13%)
The death knight resists with almost no effort.
The death knight offers itself to Yredelemnul, and fills with unholy energy.
Casting: Ensorcelled Hibernation (safe; 1% risk of failure)
Confirm with . or Enter, or press ? or * to list all spells.
Aiming: Ensorcelled Hibernation (safe; 1% risk of failure)
Press: ? - help, Shift-Dir - straight line, f/p - death knight
Aim: a death knight, wearing a +0 chain mail (reflecting injuries, umbra, chance to affect: 13%)
The death knight looks drowsy...
The helpless death knight fails to defend itself.
You spit the death knight like a pig!!!!
You burn the death knight!!
You kill the death knight!
Dithmenos accepts your kill.
Your damage is reflected back at you!
Ouch! That really hurt!
You die...

###...........##......###......#
# ######..######........#......#
#########...##.................#
.........#.....#####.....#.#####
.........#.........###.....##
............................#####
.............>.....#####.........
.....<.............#####.........
..............W.@.....###........
.........#.....[......###........
.........#............##<........
......................#..........
.......(......#####..)...........
####........### #..........[...
.# ###....#..######..............
.# #.............##..............
.# #.............##..............


You could see a freezing wraith.

Vanquished Creatures
  Snorg (D:12)
  Erolcha (D:9)
  A boulder beetle (D:10)
  A hydra (D:11)
  2 centaur warriors
  A death knight (D:12)
  5 two-headed ogres
  A skeletal warrior (D:11)
  A cyclops (D:12)
  Joseph (D:8)
  2 vault sentinels
  A gargoyle (D:12)
  Maggie (D:6)
  A komodo dragon (D:10)
  Psyche (D:9)
  A kobold demonologist (D:12)
  2 unseen horrors
  2 hornets
  Prince Ribbit (D:5)
  Grinder (D:4)
  2 polar bears (D:10)
  6 trolls
  4 slime creatures
  2 wraiths
  A shadow (D:11)
  A wyvern (D:8)
  Eustachio (D:4)
  5 vampire mosquitoes
  2 steam dragons
  3 yaks (D:9)
  Menkaure (D:4)
  A water moccasin (D:8)
  An acid dragon (D:12)
  4 black bears
  A hornet zombie (D:5)
  A sky beast (D:8)
  4 orc warriors
  2 ogres
  7 centaurs
  An elf zombie (Ossuary)
  A phantom (D:5)
  A kobold brigand (D:9)
  5 bullfrogs
  A gnoll sergeant (D:6)
  2 water moccasin zombies (D:5)
  2 scorpions
  3 wights
  7 killer bees
  5 howler monkeys
  7 centaur zombies
  Crazy Yiuf (D:7)
  A bullfrog zombie (D:7)
  5 orc priests
  2 hounds
  A bullfrog skeleton (D:5)
  A gnoll shaman (D:7)
  11 orc wizards
  A killer bee zombie (D:5)
  A hound zombie (D:5)
  2 mummies (Ossuary)
  2 howler monkey zombies
  21 gnolls
  6 adders
  A shadow imp (D:6)
  2 white imps
  An ufetubus (D:5)
  A worm (D:3)
  3 dart slugs
  49 orcs
  6 bats
  2 endoplasms
  3 giant cockroaches
  A gnoll zombie (Ossuary)
  7 goblins
  5 hobgoblins
  12 jackals (D:3)
  5 quokkas
  6 ball pythons
  2 frilled lizards (D:2)
  2 goblin zombies (Ossuary)
  2 hobgoblin zombies (Ossuary)
  16 kobolds
  A kobold zombie (Ossuary)
  An orc zombie (Ossuary)
  7 rats
  A spectral hobgoblin (D:1)
303 creatures vanquished.

Vanquished Creatures (collateral kills)
  An orc warrior (D:11)
  A gnoll sergeant (D:3)
  5 wights
  9 gnolls
  4 orcs (D:3)
20 creatures vanquished.

Vanquished Creatures (others)
  3 dancing weapons
  A plant (D:3)
  2 withered plants (D:3)
6 creatures vanquished.

Grand Total: 329 creatures vanquished

Notes
Turn   | Place    | Note
-------+----------+-------------------------------------------
     0 | D:1      | nlnlnn the Spriggan Enchanter began the quest for the Orb.
     0 | D:1      | Reached XP level 1. HP: 9/9 MP: 5/5
   455 | D:1      | Found a faded altar of an unknown god.
   608 | D:1      | Reached XP level 2. HP: 13/13 MP: 7/7
   611 | D:1      | Learned a level 2 spell: Ensorcelled Hibernation
  1678 | D:2      | Reached XP level 3. HP: 16/16 MP: 9/9
  1682 | D:2      | Learned a level 3 spell: Tukima's Dance
  1686 | D:2      | Learned a level 3 spell: Dazzling Flash
  2041 | D:2      | Reached skill level 5 in Hexes
  2041 | D:2      | Reached XP level 4. HP: 19/21 MP: 3/11
  2571 | D:2      | Got the Reference Book on Transmigration
  3252 | D:3      | Reached XP level 5. HP: 24/24 MP: 10/13
  3345 | D:3      | Reached skill level 5 in Spellcasting
  4308 | D:4      | Noticed an ogre
  4324 | D:4      | Killed an ogre
  4325 | D:4      | Reached XP level 6. HP: 16/28 MP: 11/16
  4613 | D:4      | Noticed Grinder
  4629 | D:4      | Killed Grinder
  4630 | D:4      | Reached XP level 7. HP: 21/32 MP: 10/18
  4898 | D:4      | Found a sand-covered staircase.
  4902 | Ossuary  | Entered an ossuary
  4902 | Ossuary  | Noticed a wraith
  4902 | Ossuary  | Noticed a wraith
  4902 | Ossuary  | Noticed a wraith
  5564 | Ossuary  | Noticed a wraith
  5795 | Ossuary  | Identified a scroll of acquirement
  5795 | Ossuary  | Acquired the ring of Youthful Indiscretion {Str+6 Int+3
                  | Dex+4}
  5988 | D:3      | Found a hazy altar of Hepliaklqana.
  6024 | D:3      | Found a runed translucent door.
  6025 | D:3      | Noticed IPicuous's ghost (amateur TrFi)
  6162 | D:3      | Found a shadowy altar of Dithmenos.
  6169 | D:3      | Became a worshipper of Dithmenos the Shadowed
  6309 | D:3      | Reached skill level 6 in Stealth
  6599 | D:3      | Reached * piety under Dithmenos
  6620 | D:3      | Reached skill level 7 in Stealth
  6840 | D:4      | Found an iron altar of Okawaru.
  6842 | D:4      | Noticed Menkaure
  6867 | D:4      | Killed Menkaure
  6868 | D:4      | Reached skill level 8 in Stealth
  6868 | D:4      | Reached XP level 8. HP: 36/36 MP: 20/20
  6948 | D:5      | Entered Level 5 of the Dungeon
  7125 | D:5      | Noticed Prince Ribbit
  7127 | D:5      | Reached skill level 9 in Stealth
  7374 | D:5      | Killed Prince Ribbit
  7375 | D:5      | Reached skill level 11 in Stealth
  7548 | D:5      | Noticed Eustachio
  7602 | D:4      | Killed Eustachio
  8164 | D:5      | Gained mutation: You have a pair of small horns on your
                  | head. [potion of mutation]
  8164 | D:5      | Gained mutation: You are strong-willed. (Will+) [potion of
                  | mutation]
  8239 | D:5      | Found a runed translucent gate.
  8239 | D:5      | Found a runed translucent gate.
  8239 | D:5      | Noticed StikS32's ghost (novice TrBe)
  8240 | D:5      | Found a runed translucent gate.
  8299 | D:5      | Reached skill level 12 in Stealth
  8299 | D:5      | Reached XP level 9. HP: 39/39 MP: 22/22
  8392 | D:5      | Found a basalt altar of Yredelemnul.
  8915 | D:6      | Reached skill level 1 in Fighting
  9329 | D:6      | Found a sacrificial altar of Ru.
  9384 | D:6      | Found an ornate altar of the Wu Jian Council.
  9439 | D:6      | Noticed Maggie
  9446 | D:6      | Killed Maggie
  9511 | D:6      | Found a staircase to the Ecumenical Temple.
  9517 | Temple   | Entered the Ecumenical Temple
  9603 | D:6      | Reached ** piety under Dithmenos
 10324 | D:7      | Found a runed translucent door.
 10326 | D:7      | Noticed yegreS's ghost (amateur MiFi)
 10400 | D:7      | Found a runed translucent door.
 10401 | D:7      | Noticed Crazy Yiuf
 10621 | D:7      | Killed Crazy Yiuf
 10686 | D:7      | Noticed a vault sentinel
 10687 | D:7      | Noticed a vault sentinel
 10724 | D:6      | Killed a vault sentinel
 10725 | D:6      | Reached skill level 5 in Dodging
 10725 | D:6      | Reached skill level 13 in Stealth
 10816 | D:7      | Killed a vault sentinel
 10817 | D:7      | Reached XP level 10. HP: 43/47 MP: 16/24
 10883 | D:7      | Found the +18 shield of the Gong {rElec rN+ Will+ EV-5}
 10992 | D:8      | Found a blossoming altar of Fedhas.
 11023 | D:8      | Noticed a centaur warrior
 11036 | D:8      | Killed a centaur warrior
 11230 | D:8      | Reached skill level 10 in Hexes
 11418 | D:8      | Noticed Joseph
 11431 | D:8      | Killed Joseph
 11622 | D:8      | Reached skill level 10 in Spellcasting
 11708 | D:8      | Found a glowing golden altar of the Shining One.
 12175 | D:9      | Reached skill level 5 in Short Blades
 12180 | D:9      | Reached *** piety under Dithmenos
 12181 | D:9      | Reached skill level 14 in Stealth
 12576 | D:9      | Found a burning altar of Makhleb.
 12600 | D:9      | Noticed Erolcha
 12630 | D:9      | Noticed Psyche
 12658 | D:9      | Killed Erolcha
 12659 | D:9      | Reached XP level 11. HP: 42/53 MP: 2/26
 12669 | D:9      | Killed Psyche
 12915 | D:9      | Found a sparkling altar of Nemelex Xobeh.
 12989 | D:9      | Found a shimmering blue altar of Sif Muna.
 13262 | D:10     | Entered Level 10 of the Dungeon
 13262 | D:10     | Found Lysem's Antique Weapon Shop.
 13270 | D:10     | Noticed a two-headed ogre
 13276 | D:10     | Killed a two-headed ogre
 13334 | D:10     | Found a bloodstained altar of Trog.
 13502 | D:10     | Reached skill level 1 in Armour
 13667 | D:10     | Noticed a two-headed ogre
 13673 | D:10     | Killed a two-headed ogre
 13749 | D:10     | Noticed a boulder beetle
 13755 | D:10     | Killed a boulder beetle
 14274 | D:11     | Noticed a two-headed ogre
 14290 | D:11     | Killed a two-headed ogre
 14291 | D:11     | Reached skill level 5 in Armour
 14536 | D:10     | Reached **** piety under Dithmenos
 14734 | D:11     | Noticed a two-headed ogre
 14745 | D:11     | Killed a two-headed ogre
 15068 | D:11     | Noticed a six-headed hydra
 15405 | D:11     | Killed a six-headed hydra
 15406 | D:11     | Reached XP level 12. HP: 58/58 MP: 24/27
 15488 | D:11     | Found Diem's Antique Armour Boutique.
 15508 | D:11     | Found a staircase to the Lair.
 15628 | D:12     | Noticed a death knight
 16361 | D:12     | Noticed a two-headed ogre
 16364 | D:12     | Killed a two-headed ogre
 16687 | D:12     | Noticed a centaur warrior
 16690 | D:12     | Killed a centaur warrior
 16748 | D:12     | Noticed Snorg
 16752 | D:12     | Killed Snorg
 17110 | D:12     | Found a staircase to the Orcish Mines.
 17225 | D:12     | Killed a death knight
 17225 | D:12     | Killed by mirror damage

Illustrated notes

Levels and vault maps discovered:
D:1:      dpeg_arrival_solitude, layout_loops_cross,
          dreamdust_ecumenical_altar_drowned_temple
D:2:      layout_basic
D:3:      lemuel_castle_with_subvaults [lemuel_castle_interior_carwin_1],
          layout_basic, marbit_many_paths, mainiacjoe_overflow_tiny_flanked,
          gammafunk_ghost_grave
D:4:      layout_basic, okawaru_trees_2, enter_ossuary_5,
          chequers_serial_rivers_small_3, roderic_lattice_a, uniq_menkaure,
          uniq_grinder
D:5:      layout_cave_pools, nicolae_yredelemnul_corpse_copse,
          gammafunk_ghost_necromancy, uniq_prince_ribbit1, uniq_eustachio
D:6:      layout_loops_ring, mainiacjoe_overflow_cross_hatched,
          mainiacjoe_overflow_boulevard, minmay_temple_entry_fiery,
          hangedman_glass_teeth, nrook_loot_triangle, grunt_decor_cap,
          uniq_maggie
D:7:      layout_gridville, ebering_ghost_reflecting_pool,
          hellmonk_guarded_unrand_gong, uniq_crazy_yiuf_cottage
D:8:      minmay_ornate_pinched, layout_loops_ring, lemuel_doored_altar,
          general_overflow_altar, uniq_joseph
D:9:      layout_basic, kennysheep_mini, mainiacjoe_overflow_alcove_4,
          lemuel_blue_sif_altar, uniq_psyche, uniq_erolcha
D:10:     layout_loops_ring, trog_ov_bears_minmay, serial_shops, shop,
          chequers_serial_rivers_large_b
D:11:     layout_cave_pools, lair_entry_dummy, serial_shops, nicolae_shop_stone
D:12:     layout_rooms, david_orc_2, kennysheep_generic_room_6, uniq_snorg
Temple:   zaba_magenta_temple

Skill      XL: |  1  2  3  4  5  6  7  8  9 10 11 12 |
---------------+-------------------------------------+-----
Spellcasting   | 3 4 6 7 8 9 10 | 10.6
Hexes          | 4 5 6 7 8 9 10 | 10.9
Stealth        | 8 12 13 14 | 14.5
Dodging        | 5 7 |  7.7
Fighting       | 2 4 |  4.3
Short Blades   | 3 5 |  5.9
Armour         | 6 9 |  9.0

Action                   |  1- 3 |  4- 6 |  7- 9 | 10-12 || total
-------------------------+-------+-------+-------+-------++-------
Melee: Dagger            |    94 |   163 |   417 |   357 ||  1031
       Headbutt          |       |       |    35 |    89 ||   124
Throw: Dart              |       |       |       |     5 ||     5
       Throwing net      |       |       |       |     1 ||     1
 Cast: Ensorcelled Hiber |    10 |    34 |    31 |    93 ||   168
       Tukima's Dance    |     2 |     6 |    22 |    28 ||    58
       Dazzling Flash    |       |     4 |     2 |    12 ||    18
Invok: Shadow Step       |       |       |       |     2 ||     2
Evoke: Wand              |       |       |     1 |     5 ||     6
  Use: Scroll            |     5 |     4 |    19 |    10 ||    38
       Potion            |       |       |     2 |     1 ||     3
 Stab: Sleeping          |    11 |    32 |    37 |    62 ||   142
       Distracted        |       |     2 |     1 |     3 ||     6
       Invisible         |       |     2 |       |     5 ||     7
Armor: Robe              |    13 |    18 |    83 |    23 ||   137
       Steam dragon scal |       |       |       |    50 ||    50
Dodge: Dodged            |    70 |   115 |   302 |   314 ||   801
Block: Other             |    13 |    30 |    90 |    83 ||   216
       Reflection        |       |     2 |     3 |     5 ||    10

Table legend: (Time is in decaauts)
 A = Elapsed time spent in this place.
 B = Non-inter-level travel time spent in this place.
 C = Inter-level travel time spent in this place.
 D = Time resting spent in this place.
 E = Time spent auto-exploring this place.
 F = Levels seen in this place.
 G = Mean time per level.
                   A        B        C        D        E       F      G
               +--------+--------+--------+--------+--------+-----+--------+
         Total |  13672 |  13223 |    449 |   3670 |   6584 |  14 |  976.6 |
       Dungeon |  12917 |  12468 |    449 |   3460 |   6374 |  12 | 1076.4 |
        Temple |      1 |      1 |      0 |      0 |      0 |   1 |    1.0 |
       Ossuary |    753 |    753 |      0 |    210 |    210 |   1 |  753.0 |
               +--------+--------+--------+--------+--------+-----+--------+

Top non-repeatable levels by time:
    D:10: 1784 daAuts
     D:4: 1656 daAuts
     D:1: 1612 daAuts
     D:3: 1567 daAuts
    D:11: 1039 daAuts
     D:2: 946 daAuts
     D:8: 931 daAuts
     D:6: 830 daAuts
     D:9: 822 daAuts
 Ossuary: 753 daAuts
     D:5: 711 daAuts
     D:7: 610 daAuts
    D:12: 404 daAuts
  Temple: 1 daAuts
